 Dungeon Sprint DCSS version 0.30-a0-51-g784eafce7f (webtiles) character file.

Game seed: 3871131306287014271

251 Ankalagon the Twirler (level 5, -45/41 HPs)
             Began as a Demigod Wanderer on Sept 5, 2022.
             Annihilated by a boulder beetle (59 damage)
             ... in the Dungeon (Sprint II: "The Violet Keep of Menkaure").
             The game lasted 00:01:44 (166 turns).

Ankalagon the Twirler (Demigod Wanderer)             Turns: 166, Time: 00:01:44

Health: -45/41     AC:  2    Str: 11    XL:     5   Next: 57%
Magic:  9/9        EV: 16    Int: 12    God:
Gold:   243        SH:  0    Dex: 21    Spells: 5/6 levels left

rFire   . . .      SeeInvis .    a - +0 quarterstaff
rCold   . . .      Faith    .    (shield currently unavailable)
rNeg    . . .      Spirit   .    e - +0 robe
rPois   .          Reflect  .    (no helmet)
rElec   .          Harm     .    (no cloak)
rCorr   .          Rampage  .    (no gloves)
Will    .....      NoTele   +    (no boots)
Stlth   ++........               (no amulet)
HPRegen 0.13/turn                (no ring)
MPRegen 0.11/turn                (no ring)

@: no status effects
A: high MP 1, forlorn, divine attributes
a: no special abilities


You were in the Dungeon.
You visited 1 branch You collected 243 gold pieces.

Inventory:

Hand Weapons
 a - a +0 quarterstaff (weapon)
 c - a +0 dagger
Missiles
 b - 7 poisoned darts (quivered)
Armour
 e - a +0 robe (worn)
Scrolls
 d - a scroll of fear
Potions
 f - a potion of curing
 g - a potion of heal wounds
 h - a potion of haste
 i - 2 potions of magic


   Skills:
 - Level 1.7 Fighting
 + Level 6.5 Staves
 + Level 6.4 Throwing
 - Level 1.0 Armour
 + Level 6.3 Dodging
 - Level 1.0 Spellcasting
 - Level 3.6 Translocations


You had 5 spell levels left.
You knew the following spells:

 Your Spells              Type           Power      Damage    Failure   Level
a - Apportation           Tloc           18%        N/A       7%          1

Your spell library contained the following spells:

 Spells                   Type           Power      Damage    Failure   Level
 Lesser Beckoning         Tloc           9%         N/A       21%         3
 Passage of Golubria      Tloc           9%         N/A       56%         4


Dungeon Overview and Level Annotations

Branches:
Dungeon (1/1)


Innate Abilities, Weirdness & Mutations

You have an increased reservoir of magic. (+10% MP)
You shall have no god before yourself.
Your divine heritage dramatically boosts your attributes as you level up.


Message History

A water moccasin comes into view.
The boulder beetle stops rolling and uncurls.
The boulder beetle attacks as you move away!
The boulder beetle bites you.
The water moccasin hisses angrily.
The boulder beetle curls into a ball and begins rolling!
The boulder beetle curls into a ball and begins rolling!
Throw: 9 darts (poison)
Press: ? - help, Q - select action, (/) - cycle Shift-Dir - straight line, f/p - boulder beetle
Aim: a boulder beetle (moderately wounded, 91% to hit)
You throw a poisoned dart.
The poisoned dart hits the boulder beetle!
The boulder beetle looks even sicker.
The boulder beetle is heavily wounded.
The boulder beetle hits you!
The boulder beetle stops rolling and uncurls.
Okay, then.
Unknown command.
The boulder beetle attacks as you move away!
The boulder beetle closely misses you.
The boulder beetle curls into a ball and begins rolling!
The boulder beetle leaps!
Okay, then.
Unknown command.
The boulder beetle curls into a ball and begins rolling!
Throw: 8 darts (poison)
Press: ? - help, Q - select action, (/) - cycle Shift-Dir - straight line, f - boulder beetle
Aim: a boulder beetle (severely wounded, rolling, very poisoned, 91% to hit)
You throw a poisoned dart.
The poisoned dart hits the boulder beetle!
The boulder beetle looks as sick as possible!
The boulder beetle is severely wounded.
Found a water moccasin corpse.
The water moccasin closely misses you.
Blink to where?
Press: ? - help, Dir - move target, p - boulder beetle
As you read the scroll of blinking, it crumbles to dust.
The boulder beetle attacks as you move away!
The boulder beetle hits you!!!
Ouch! That really hurt!
You die...

####+
##≈S≈≈≈S≈
##≈≈≈§≈S§
+≈≈§§≈S§§
≈≈§≈≈≈ ≈≈≈§
#~~#+++#+++##
~~~.........#
~~~.##'##@.#
~
##B#.##B####
#.°#..#.°..#
##.○.####S.##
##†## .##..#
##(##((.#B.#
+.<.'# +○.#
##.##.($#B§..
#+# .##.°.§..


You could see 2 boulder beetles and a water moccasin.

Vanquished Creatures
  4 necrophages (D)
4 creatures vanquished.

Vanquished Creatures (others)
  Menkaure (D)
  A water moccasin (D)
2 creatures vanquished.

Grand Total: 6 creatures vanquished

Notes
Turn   | Place    | Note
-------+----------+-------------------------------------------
     0 | D        | Ankalagon the Demigod Wanderer began the quest for the Orb.
     0 | D        | Ankalagon set off with the following items: a +0
                  | quarterstaff, 13 poisoned darts, a +0 dagger, a scroll of
                  | fear, a +0 robe, a potion of curing, a potion of heal
                  | wounds, a potion of haste, 2 potions of magic, a potion of
                  | berserk rage, a scroll of blinking; and the following spell
                  | memorised: Apportation; and the following spells available
                  | to memorise: Lesser Beckoning, Passage of Golubria.
     0 | D        | Reached XP level 1. HP: 17/17 MP: 4/4
     1 | D        | Noticed a necrophage
     1 | D        | Noticed a necrophage
     1 | D        | Noticed a necrophage
     1 | D        | Noticed a necrophage
     7 | D        | Killed a necrophage
     8 | D        | Reached XP level 2. HP: 24/24 MP: 5/5
     8 | D        | Reached XP level 3. HP: 29/29 MP: 6/6
    12 | D        | Killed a necrophage
    13 | D        | Reached skill level 5 in Staves
    13 | D        | Reached skill level 5 in Throwing
    13 | D        | Reached XP level 4. HP: 36/36 MP: 8/8
    18 | D        | Killed a necrophage
    19 | D        | Reached skill level 5 in Dodging
    19 | D        | Reached XP level 5. HP: 23/41 MP: 9/9
    28 | D        | Killed Menkaure
   142 | D        | Noticed a boulder beetle
   142 | D        | Noticed a boulder beetle
   146 | D        | Killed a water moccasin
   154 | D        | Noticed a water moccasin
   166 | D        | Annihilated by a boulder beetle

Illustrated notes

Levels and vault maps discovered:
D:        the_violet_keep_of_menkaure [sprint2_stairs_cluster_1,
          sprint2_shoproom, sprint2_temple, sprint2_basic_supplies,
          sprint2_obstacle_5, sprint2_obstacle_1, sprint2_obstacle_7,
          sprint2_obstacle_3, sprint2_obstacle_4, sprint2_timed_cluster_1,
          sprint2_smallroom_cluster_1, sprint2_smallroom_final_cluster_1,
          sprint2_transparent_cluster_1, sprint2_second_timed_cluster_1,
          sprint2_sniper_area_1, sprint2_heavy_combat_area_1,
          sprint2_mutation_trap_area_1, sprint2_forest_area_1,
          sprint2_light_combat_area_1, sprint2_behind_water_1,
          sprint2_near_end_vault_1]

Skill      XL: |  1  2  3  4  5 |
---------------+----------------+-----
Staves         | 3 5 6 |  6.5
Throwing       | 3 5 6 |  6.4
Dodging        | 3 4 5 6 |  6.3
Fighting       | |  1.7
Armour         | |  1.0
Spellcasting   | |  1.0
Translocations | |  3.6

Action                   |  1- 3 |  4- 6 || total
-------------------------+-------+-------++-------
Melee: Quarterstaff      |    10 |    16 ||    26
Throw: Dart              |       |     6 ||     6
  Use: Potion            |     1 |       ||     1
       Scroll            |       |     1 ||     1
Armor: Robe              |       |     1 ||     1
Dodge: Dodged            |     3 |    17 ||    20

Table legend: (Time is in decaauts)
 A = Elapsed time spent in this place.
 B = Non-inter-level travel time spent in this place.
 C = Inter-level travel time spent in this place.
 D = Time resting spent in this place.
 E = Time spent auto-exploring this place.
 F = Levels seen in this place.
 G = Mean time per level.
                   A        B        C        D        E       F      G
               +--------+--------+--------+--------+--------+-----+--------+
         Total |    174 |    174 |      0 |    113 |      0 |   1 |  174.0 |
       Dungeon |    174 |    174 |      0 |    113 |      0 |   1 |  174.0 |
               +--------+--------+--------+--------+--------+-----+--------+

Top non-repeatable levels by time:
       D: 174 daAuts
